 Dungeon Crawl Stone Soup version 0.28-a0-94-g325244837d (webtiles) character file.

Game seed: 1068036503458448255

1242 Sweetruy1997 the Ducker (level 8, -2/54 (60) HPs)
             Began as a Merfolk Gladiator on Aug 7, 2021.
             Slain by a wight (12 damage)
             ... on level 6 of the Dungeon.
             The game lasted 00:15:40 (6498 turns).

Sweetruy1997 the Ducker (Merfolk Gladiator)         Turns: 6498, Time: 00:15:41

HP:   -2/54 (60)    AC:  6    Str: 14    XL:     8   Next: 49%
MP:   12/12         EV: 14    Int:  9    God:
Gold: 193           SH:  0    Dex: 16    Spells: 3/13 levels left

rFire   . . .      SeeInvis .   e - +2 dire flail (vorpal)
rCold   . . .      Faith    .   (shield currently unavailable)
rNeg    . . .      Spirit   .   b - +0 leather armour
rPois   .          Reflect  .   c - +0 helmet
rElec   .          Harm     .   a - +0 cloak {Will+}
rCorr   .          Rampage  .   j - +0 pair of gloves
Will    +....                   (no boots)
Stlth   ++........              (no amulet)
HPRegen 0.18/turn               (no ring)
MPRegen 0.13/turn               (no ring)

@: heavily drained
A: (nimble swimmer 2), mertail
a: no special abilities


You were on level 6 of the Dungeon.
You visited 2 branches of the dungeon, and saw 8 of its levels.

You collected 193 gold pieces.

Inventory:

Hand Weapons
 e - a +2 vorpal dire flail (weapon)
Armour
 a - a +0 cloak of willpower (worn)
 b - a +0 leather armour (worn)
 c - a +0 helmet (worn)
 j - a +0 pair of gloves (worn)
Wands
 h - a wand of iceblast (6)
Scrolls
 d - a scroll of teleportation
 f - 7 scrolls of identify
 i - a scroll of noise {unknown}
Potions
 g - 3 potions of curing


   Skills:
 + Level 3.9 Fighting
 + Level 4.4 Maces & Flails
 - Level 5.3 Polearms
 - Level 2.0 Throwing
 - Level 1.0 Armour
 - Level 6.0 Dodging
 - Level 1.0 Stealth
 + Level 3.1 Spellcasting
 + Level 2.5 Conjurations
 + Level 2.5 Air Magic


You had 3 spell levels left.
You knew the following spells:

 Your Spells              Type           Power      Damage    Failure   Level
a - Shock                 Conj/Air       24%        1d4       13%         1
b - Swiftness             Air            6%         N/A       36%         3
c - Airstrike             Air            3%         N/A       77%         4
d - Blink                 Tloc           N/A        N/A       50%         2

Your spell library contained the following spells:

 Spells                   Type           Power      Damage    Failure   Level
 Manifold Assault         Tloc           1%         N/A       100%        5
 Dispersal                Tloc           0%         N/A       100%        6
 Storm Form               Tmut/Air       1%         N/A       100%        7
 Disjunction              Tloc           0%         N/A       100%        8


Dungeon Overview and Level Annotations

Branches:
Dungeon (7/15)             Temple (1/1) D:4

Altars:
Ashenzari
Cheibriados
Dithmenos
Fedhas
Hepliaklqana
Kikubaaqudgha
Makhleb
Nemelex Xobeh
Okawaru
Trog
Uskayaw
Yredelemnul


Innate Abilities, Weirdness & Mutations

((You are quick and stealthy near water. (Stealth+, EV+, Speed+++)))
Your lower body shifts to a powerful aquatic tail in water.


Message History

An adder is nearby!
The zap hits the adder.
The adder is lightly wounded.
The adder hisses angrily.
The zap hits the adder.
The adder is lightly wounded.
You puncture the adder!
You kill the adder!
No target in view!
You now have 193 gold pieces (gained 13).
You see here an adder corpse.
You fall into a shaft and drop 2 floors!
The shaft crumbles and collapses.
Found a stone staircase leading up and a stone staircase leading down. 3 wights come into view.
The wight barely misses you.
The wight hits you with a +4 great sword!!
The wight hits you with a +3 dagger.
You feel drained. The wight barely misses you. The wight misses you.
The wight hits you with a +4 flail.
There is a stone staircase leading up here.
The wight hits you with a +4 flail.
You feel drained. The wight hits you with a +3 dagger.
You feel drained. The wight misses you.
You climb upwards.
There is a stone staircase leading down here.
You hit the wight but do no damage. The wight hits you but does no damage.
The wight closely misses you.
You puncture the wight!
The wight is heavily damaged.
The wight hits you with a +3 dagger. The wight barely misses you.
You barely miss the wight.
The wight is heavily damaged.
The wight hits you with a +3 dagger.
You feel drained. The wight hits you with a +4 flail!
* * * LOW HITPOINT WARNING * * *
You barely miss the wight.
The wight is heavily damaged.
The wight closely misses you. The wight hits you with a +4 flail!
You die...

#.. #.# #.#
#.# #.# #.#
#z#####.#
#@.......
#.....z....#..
#..######.## #
#


You could see 2 wights.

Vanquished Creatures
  Edmund (D:4)
  Menkaure (D:4)
  Duvessa (D:4)
  A black bear (D:5)
  A sky beast (D:4)
  A phantom (D:4)
  Dowan (D:4)
  5 wights (D:3)
  A jelly (D:4)
  Ijyb (D:4)
  2 iguanas
  Jessica (D:2)
  A bullfrog skeleton (D:5)
  8 gnolls
  6 adders
  2 worms
  6 orcs
  6 endoplasms
  5 giant cockroaches
  8 hobgoblins
  10 jackals
  2 quokkas (D:1)
  6 ball pythons
  4 bats
  4 frilled lizards
  6 goblins
  3 kobolds
  5 rats
99 creatures vanquished.

Notes
Turn   | Place    | Note
-------+----------+-------------------------------------------
     0 | D:1      | Sweetruy1997 the Merfolk Gladiator began the quest for the
                  | Orb.
     0 | D:1      | Reached XP level 1. HP: 16/16 MP: 1/1
   287 | D:1      | Reached XP level 2. HP: 21/22 MP: 2/2
   330 | D:1      | Reached skill level 5 in Polearms
  1143 | D:1      | Reached XP level 3. HP: 28/28 MP: 3/3
  1285 | D:2      | Reached skill level 1 in Armour
  1313 | D:2      | Reached XP level 4. HP: 20/34 MP: 4/4
  1460 | D:2      | Identified a scroll of acquirement
  1461 | D:2      | Acquired a +0 cloak of willpower
  1488 | D:2      | Reached skill level 1 in Stealth
  1728 | D:2      | Reached skill level 1 in Maces & Flails
  1764 | D:2      | Found a faded altar of an unknown god.
  1857 | D:3      | Noticed Jessica
  1881 | D:2      | Killed Jessica
  1882 | D:2      | Reached XP level 5. HP: 20/40 MP: 5/5
  2219 | D:3      | Learned a level 1 spell: Shock
  2369 | D:3      | Reached skill level 5 in Dodging
  2380 | D:3      | Reached XP level 6. HP: 25/47 MP: 1/6
  2890 | D:3      | Learned a level 3 spell: Swiftness
  2931 | D:3      | Found an ancient bone altar of Kikubaaqudgha.
  3298 | D:4      | Noticed Duvessa
  3298 | D:4      | Noticed Dowan
  3490 | D:4      | Noticed Edmund
  3513 | D:4      | Killed Edmund
  3514 | D:4      | Reached skill level 1 in Spellcasting
  3514 | D:4      | Reached skill level 1 in Conjurations
  3514 | D:4      | Reached skill level 1 in Air Magic
  3514 | D:4      | Reached XP level 7. HP: 13/52 MP: 0/9
  4160 | D:4      | Noticed Ijyb
  4178 | D:4      | Killed Ijyb
  4754 | D:4      | Found a shadowy altar of Dithmenos.
  4758 | D:4      | Noticed Menkaure
  4767 | D:4      | Killed Menkaure
  4857 | D:4      | Learned a level 4 spell: Airstrike
  5120 | D:4      | Found a staircase to the Ecumenical Temple.
  5128 | Temple   | Entered the Ecumenical Temple
  5560 | D:4      | Killed Duvessa
  5561 | D:4      | Reached XP level 8. HP: 51/59 MP: 5/11
  5563 | D:4      | Killed Dowan
  5625 | D:5      | Entered Level 5 of the Dungeon
  5635 | D:5      | Reached skill level 6 in Dodging
  6386 | D:5      | Learned a level 2 spell: Blink
  6486 | D:5      | You fall into a shaft and drop 2 floors!
  6498 | D:6      | Slain by a wight

Illustrated notes

Levels and vault maps discovered:
D:1:      minmay_arrival_hallway, layout_loops_corners
D:2:      layout_rooms, hellmonk_ecumenical_altar_heavens_door
D:3:      layout_basic, mainiacjoe_overflow_tiny_flanked, hex_medium,
          uniq_jessica
D:4:      cheibrodos_helix_gallery, layout_layer_cave,
          mainiacjoe_overflow_chevrons, minmay_temple_entry_statues_pillars,
          grunt_ministairs_5, uniq_ijyb, uniq_menkaure, uniq_edmund,
          uniq_duvessa
D:5:      layout_cave_pools, nicolae_vehumet_radiance, lemuel_tele_altar,
          serial_shops, nicolae_shop_stone
D:6:      layout_basic, lemuel_round_altar, nicolae_ru_awakened_eye
D:7:      layout_rooms, uniq_prince_ribbit1, uniq_joseph
Temple:   jpeg_temple_alley_garden

Skill      XL: |  1  2  3  4  5  6  7  8 |
---------------+-------------------------+-----
Polearms       | 5 |  5.3
Armour         | 1 |  1.0
Stealth        | 1 |  1.0
Maces & Flails | 1 2 3 4 |  4.4
Fighting       | 3 |  3.9
Dodging        | 5 6 |  6.0
Spellcasting   | 1 2 3 |  3.1
Conjurations   | 1 2 |  2.5
Air Magic      | 1 2 |  2.5
Throwing       | |  2.0

Action                   |  1- 3 |  4- 6 |  7- 9 || total
-------------------------+-------+-------+-------++-------
Melee: Trident           |    72 |       |       ||    72
       Flail             |    34 |   128 |       ||   162
       Dire flail        |       |       |   102 ||   102
Throw: Throwing net      |       |     6 |       ||     6
 Cast: Shock             |       |    35 |    72 ||   107
  Use: Scroll            |       |     5 |     1 ||     6
       Potion            |       |     1 |       ||     1
 Stab: Sleeping          |     2 |     2 |       ||     4
       Held in net/web   |       |     2 |       ||     2
Armor: Leather armour    |    32 |    42 |    42 ||   116
Dodge: Dodged            |    82 |   115 |    80 ||   277

Table legend: (Time is in decaauts)
 A = Elapsed time spent in this place.
 B = Non-inter-level travel time spent in this place.
 C = Inter-level travel time spent in this place.
 D = Time resting spent in this place.
 E = Time spent auto-exploring this place.
 F = Levels seen in this place.
 G = Mean time per level.
                   A        B        C        D        E       F      G
               +--------+--------+--------+--------+--------+-----+--------+
         Total |   6569 |   6196 |    373 |   1787 |   3455 |   8 |  821.1 |
       Dungeon |   6311 |   6019 |    292 |   1787 |   3281 |   7 |  901.6 |
        Temple |    258 |    177 |     81 |      0 |    174 |   1 |  258.0 |
               +--------+--------+--------+--------+--------+-----+--------+

Top non-repeatable levels by time:
     D:4: 2678 daAuts
     D:3: 1345 daAuts
     D:1: 1253 daAuts
     D:2: 791 daAuts
  Temple: 258 daAuts
     D:5: 230 daAuts
     D:7: 7 daAuts
     D:6: 4 daAuts
